 Dungeon Crawl Stone Soup version 0.27-a0-1196-g3e9cee4cb2 (webtiles) character file.

Game seed: 10744533154485915068

203 Azzok the Chopper (level 5, 41/61 HPs)
             Began as a Demonspawn Berserker on May 29, 2021.
             Was a Believer of Trog.
             Quit the game on level 3 of the Dungeon.
             The game lasted 00:03:26 (2117 turns).

Azzok the Chopper (Demonspawn Berserker)            Turns: 2117, Time: 00:03:26

Health: 41/61      AC:  8    Str: 18    XL:     5   Next: 51%
Magic:  5/5        EV: 10    Int:  8    God:    Trog [**....]
Gold:   124        SH:  0    Dex: 13    Spells: 4/4 levels left

rFire    + + .     SeeInvis .   l - +0 war axe
rCold    + . .     Faith    .   (no shield)
rNeg     . . .     Spirit   .   g - +2 scale mail {rF+}
rPois    .         Reflect  .   (helmet restricted)
rElec    .         Harm     .   a - scarf {rC+ rF+}
rCorr    .         Rampage  .   (no gloves)
Will     .....                  (no boots)
Stlth    ..........             (no amulet)
HPRegen  0.20/turn              (no ring)
MPRegen  0.18/turn              (no ring)

@: berserking, very quick
A: antennae 1, magic regeneration
a: Renounce Religion, Berserk, Trog's Hand


You were on level 3 of the Dungeon.
You worshipped Trog.
Trog was pleased with you.
You visited 1 branch of the dungeon, and saw 3 of its levels.

You collected 124 gold pieces.

Inventory:

Hand Weapons
 l - a +0 war axe (weapon)
Armour
 a - a scarf of resistance (worn)
 g - a +2 scale mail of fire resistance (worn)
Scrolls
 d - a scroll of immolation
Potions
 b - a potion of flight
 f - 2 potions of heal wounds


   Skills:
 - Level 3.0 Fighting
 + Level 5.7 Axes
 - Level 1.7 Armour
 - Level 1.7 Dodging


You had 4 spell levels left.
You didn't know any spells.
Your spell library was empty.

Dungeon Overview and Level Annotations

Branches:
Dungeon (3/15)

Altars:


Innate Abilities, Weirdness & Mutations

You have a pair of small antennae on your head.
You regenerate magic rapidly.


Message History

You climb downwards.
There is a stone staircase leading up here.
Found a stone staircase leading up.
You now have 124 gold pieces (gained 8).
You feel your willpower return.
You sense a monster nearby.
Sigmund the Dreaded comes into view.
He is wielding a +0 scythe.
Sigmund shouts!
Sigmund barely misses you. Sigmund barely misses you.
A red film seems to cover your vision as you go berserk!
You feel yourself moving faster!
You feel mighty! Sigmund hits you with a +0 scythe!
You slash Sigmund!
Sigmund is moderately wounded.
You slash Sigmund!
Sigmund is almost dead.
Sigmund casts a spell at himself.
Sigmund flickers and vanishes!
Deactivating autopickup; reactivate with Ctrl-A.
You miss something. Something hits you but does no damage.
You closely miss something. Something hits you!
You closely miss something.
You hear some strange, mumbled words.
A magic dart appears from out of thin air!
The magic dart hits you but does no damage.
You miss something. Something hits you.
You slash something! Trog accepts your kill.
Trog appreciates your killing of a magic user.
Reactivating autopickup.
You feel a bit more experienced.
Your Axes skill increases to level 5!
You have reached level 4!
You feel agile.
Your demonic ancestry asserts itself...
Your magic begins to regenerate rapidly.
You have reached level 5!
Okay, then.
Okay, then.
Are you sure you want to abandon this character and quit the game? (Confirm with "yes".)

▒·▒····▒ ▒·▒····▒
······· ▒ ▒·▒··· ▒▒·
▒·▒·· ···· ▒·▒·▒
▒··▒▒·▒·▒▒▒▒··▒
▒······@·······
▒▒▒▒▒·▒)▒▒▒▒··· ▒·▒·▒
▒▒▒▒▒·▒·· ▒··▒▒·▒▒▒▒
▒▒ ▒··▒▒·▒ ·▒▒
▒▒▒▒▒▒··▒▒·▒
··▒▒▒···▒······▒
▒·▒··▒▒·▒··▒▒▒·▒▒▒▒▒▒▒


There were no monsters in sight!

Vanquished Creatures
  Sigmund (D:3)
  An adder (D:2)
  A worm (D:2)
  A dart slug (D:2)
  2 ball pythons
  5 endoplasms (D:1)
  3 giant cockroaches
  2 goblins (D:1)
  2 hobgoblins (D:1)
  4 jackals (D:1)
  8 kobolds
  2 bats
  4 frilled lizards
  9 rats
45 creatures vanquished.

Notes
Turn   | Place    | Note
-------+----------+-------------------------------------------
     0 | D:1      | Azzok the Demonspawn Berserker began the quest for the Orb.
     0 | D:1      | Reached XP level 1. HP: 18/18 MP: 1/1
   144 | D:1      | Reached skill level 3 in Axes
   260 | D:1      | Gained mutation: You have a pair of small antennae on your
                  | head. [demonic ancestry]
   260 | D:1      | Reached XP level 2. HP: 24/24 MP: 2/2
   309 | D:1      | Found a faded altar of an unknown god.
   782 | D:1      | Reached ** piety under Trog
   930 | D:1      | Reached XP level 3. HP: 29/29 MP: 3/3
  1323 | D:2      | Reached skill level 4 in Axes
  2001 | D:2      | Identified a scroll of acquirement
  2001 | D:2      | Acquired a scarf of resistance
  2107 | D:3      | Noticed Sigmund
  2116 | D:3      | Killed Sigmund
  2117 | D:3      | Reached skill level 5 in Axes
  2117 | D:3      | Gained mutation: You regenerate magic rapidly. [demonic
                  | ancestry]
  2117 | D:3      | Reached XP level 4. HP: 35/35 MP: 4/4
  2117 | D:3      | Reached XP level 5. HP: 41/41 MP: 5/5
  2117 | D:3      | Quit the game

Illustrated notes

Levels and vault maps discovered:
D:1:      amcnicky_arrival_flooded_fountain, layout_basic,
          shapermc_ecumenical_altar_totnotflames, minivault_25
D:2:      minmay_spotlight, layout_basic, minmay_hedge_maze,
          kennysheep_generic_room_4
D:3:      layout_basic, overflow_temple_1_default, general_overflow_altar,
          chequers_temple_overflow_minitemple, chequers_jeans, uniq_sigmund

Skill      XL: |  1  2  3 |
---------------+----------+-----
Axes           | 3 5 |  5.7
Fighting       | |  3.0
Armour         | |  1.7
Dodging        | |  1.7

Action                   |  1- 3 |  4- 6 || total
-------------------------+-------+-------++-------
Melee: Hand axe          |   129 |       ||   129
       War axe           |     7 |       ||     7
Invok: Berserk           |     1 |       ||     1
  Use: Scroll            |     8 |       ||     8
Armor: Animal skin       |     3 |       ||     3
       Ring mail         |    13 |       ||    13
       Scale mail        |    36 |       ||    36
Dodge: Dodged            |    82 |       ||    82

Table legend: (Time is in decaauts)
 A = Elapsed time spent in this place.
 B = Non-inter-level travel time spent in this place.
 C = Inter-level travel time spent in this place.
 D = Time resting spent in this place.
 E = Time spent auto-exploring this place.
 F = Levels seen in this place.
 G = Mean time per level.
                   A        B        C        D        E       F      G
               +--------+--------+--------+--------+--------+-----+--------+
         Total |   2131 |   2062 |     69 |    140 |   1523 |   3 |  710.3 |
       Dungeon |   2131 |   2062 |     69 |    140 |   1523 |   3 |  710.3 |
               +--------+--------+--------+--------+--------+-----+--------+

Top non-repeatable levels by time:
     D:1: 1122 daAuts
     D:2: 917 daAuts
     D:3: 91 daAuts
